Eagles vs Rampage
Created - July 19, 2022 at 21:17
Goals
|
| Eagles |
0 |
0 |
2 |
1 |
3 |
| Rampage |
1 |
0 |
1 |
0 |
2 |
|
Shots
|
| Eagles |
7 |
16 |
6 |
1 |
30 |
| Rampage |
10 |
15 |
9 |
0 |
34 |
|
1st period
1. Rampage , Steve Regier 6 (Martin Marincin 2) at 13:18
Penalties :
Jarred Tinordi (Col) for Goalie Interference (Minor) at 1:09, Ethan Bear (San) for Interference (Minor) at 18:32
2nd period
No Goal
Penalties :
Ethan Bear (San) for Hooking (Minor) at 9:20
3rd period
2. Eagles , Daniel Carr 3 (Nick Cousins 11, Jonathan Marchessault 3) at 0:48
3. Eagles , Nick Cousins 3 (Jonathan Marchessault 4) at 5:40
4. Rampage , Steve Regier 7 (Rourke Chartier 5, Kevan Miller 3) at 5:54
Penalties :
Ryan Lomberg (San) for Interference (Minor) at 6:43, Xavier Ouellet (Col) for Hooking (Minor) at 17:29, Jonathan Racine (Col) for Delaying the game (Minor) at 19:51
Overtime #1
5. Eagles , Drake Caggiula 3 (Jarred Tinordi 4, Tomas Tatar 6) at 3:04
Penalties :
No Penalty
Goalie Stats
Marek Mazanek (Col), 32 saves from 34 shots - (0.941), W, 7-0-0, 63:04 minutes
Joni Ortio (San), 27 saves from 30 shots - (0.900), OTL, 4-2-2, 63:04 minutes
Players Stats for Eagles
Player Name G A P +/- PIM S H SB GA TA FO MP PP MP PK MP
------------------------------------------------------------------------------------
Anthony Duclair 0 0 0 -1 0 1 2 0 0 0 0/0 15:53 0:00 1:05
Connor Carrick 0 0 0 -1 0 1 1 0 1 0 0/0 20:33 1:29 2:24
Daniel Carr 1 0 1 1 0 5 1 0 0 0 3/6 25:57 3:58 2:48
Drake Caggiula 1 0 1 1 0 3 4 0 0 0 7/12 18:41 1:59 0:31
Jared McCann 0 0 0 -1 0 2 1 1 0 1 2/6 9:43 0:00 0:00
Jarred Tinordi 0 1 1 2 2 0 1 1 1 1 0/0 29:02 4:28 2:20
John Ramage 0 0 0 -1 0 1 0 2 0 1 0/0 20:55 1:29 2:24
Jonathan Marchessault 0 2 2 1 0 4 1 0 1 1 16/29 22:59 3:58 1:31
Jonathan Racine 0 0 0 1 2 0 3 0 0 0 0/0 13:41 0:00 0:00
Joseph Blandisi 0 0 0 -1 0 3 0 0 0 1 1/1 14:25 0:00 1:16
Keaton Middleton 0 0 0 0 0 0 1 0 0 0 0/0 5:09 0:00 0:00
Matteson Iacopelli 0 0 0 0 0 0 2 0 0 2 1/2 16:49 1:59 0:00
Nick Cousins 1 1 2 1 0 3 1 0 1 0 0/0 23:07 3:55 1:31
Ryan Murphy 0 0 0 2 0 3 1 3 2 0 0/0 26:33 4:28 3:33
Sam Steel 0 0 0 0 0 0 0 0 0 0 0/0 2:08 0:00 0:00
Tomas Tatar 0 1 1 1 0 4 3 0 0 0 0/1 21:03 1:59 3:12
Tyler Motte 0 0 0 0 0 0 0 0 0 0 0/0 5:04 0:03 0:00
Xavier Ouellet 0 0 0 0 2 0 0 0 0 0 0/0 13:37 0:00 1:13
Zach Aston-Reese 0 0 0 0 0 0 0 0 0 0 1/2 4:01 0:00 0:00
Players Stats for Rampage
Player Name G A P +/- PIM S H SB GA TA FO MP PP MP PK MP
------------------------------------------------------------------------------------
Anthony Richard 0 0 0 -1 0 2 0 0 1 0 1/3 9:25 0:00 0:03
Charlie McAvoy 0 0 0 1 0 0 2 1 1 0 0/0 14:56 0:00 0:00
Collin Miller 0 0 0 0 0 2 1 0 0 0 0/0 19:48 1:47 3:07
Dominik Simon 0 0 0 0 0 1 1 0 2 0 1/1 13:27 0:07 0:32
Dylan Sikura 0 0 0 -1 0 0 1 0 0 1 0/0 10:34 0:07 1:06
Ethan Bear 0 0 0 -2 4 5 3 3 0 2 0/0 27:11 4:10 0:41
Jean-Sebastien Dea 0 0 0 0 0 0 4 0 0 0 3/6 13:40 2:26 0:00
Jordan Greenway 0 0 0 -1 0 1 3 0 1 0 0/0 10:32 0:07 0:46
Jordan Kyrou 0 0 0 -1 0 1 0 0 0 0 0/0 13:34 0:00 0:00
Kevan Miller 0 1 1 1 0 3 3 1 0 1 0/0 18:01 1:47 2:09
Martin Marincin 0 1 1 0 0 0 2 0 1 0 0/0 18:12 0:00 3:07
Nick Schmaltz 0 0 0 1 0 4 1 0 0 1 1/1 20:19 3:24 0:00
Petr Straka 0 0 0 0 0 2 2 0 1 0 0/0 13:25 2:26 0:00
Rourke Chartier 0 1 1 1 0 2 1 0 0 1 10/23 21:34 3:24 1:06
Ryan Lomberg 0 0 0 -1 2 2 1 0 0 0 1/2 15:30 2:26 0:00
Steve Regier 2 0 2 1 0 7 0 0 0 0 3/5 23:23 3:24 4:10
T.J. Tynan 0 0 0 -1 0 1 1 2 0 0 8/18 17:29 0:00 4:11
Travis Sanheim 0 0 0 -2 0 1 1 0 0 0 0/0 28:20 4:10 2:50
Trent Frederic 0 0 0 0 0 0 0 0 0 0 0/0 0:00 0:00 0:00
3 Stars
1 - Steve Regier (San)
2 - Nick Cousins (Col)
3 - Drake Caggiula (Col)
Power Play
Eagles - 0 on 3 Attempt(s) - 0.00%
Rampage - 0 on 3 Attempt(s) - 0.00%
Penalty Kill
Eagles - 3 on 3 Attempt(s) - 100.00%
- Score 0 goal in Penalty Kill
Rampage - 3 on 3 Attempt(s) - 100.00%
- Score 0 goal in Penalty Kill
Team Stat
Eagles - Hits : 22 - Faceoff Wins : 31 - Blocked Shots : 7 - Penalty Minutes : 6
Rampage - Hits : 27 - Faceoff Wins : 28 - Blocked Shots : 7 - Penalty Minutes : 6
Official
Referees : Justin St. Pierre and Pierre Lambert
Linesman : David Brisebois and James Tobias
Game Notes
Jared McCann is injured at 2:30 of 3rd period (Right Ankle)
Finance
Level 1 -- Attendance: 2000 (100.00%) -- Ticket Income $70,000
Level 2 -- Attendance: 1000 (100.00%) -- Ticket Income $15,000
Total Attendance: 3000 (100.00%)
Total Ticket Income: $85,000
Other Income: $4,250
Total Income: $89,250
Eagles
5 vs 5 Forward
Center Left Wing Right Wing Time % Phy DF OF
1 Jonathan Marchessault Daniel Carr Nick Cousins 40 1 2 2
2 Drake Caggiula Tomas Tatar Matteson Iacopelli 30 1 2 2
3 Jared McCann Joseph Blandisi Anthony Duclair 20 1 2 2
4 Zach Aston-Reese Anthony Duclair Daniel Carr 10 1 2 2
5 vs 5 Defense
Defense Defense Time % Phy DF OF
1 Jarred Tinordi Ryan Murphy 40 1 2 2
2 John Ramage Connor Carrick 30 1 2 2
3 Jonathan Racine Xavier Ouellet 20 1 2 2
4 Keaton Middleton Jarred Tinordi 10 1 2 2
PowerPlay Forward
Center Left Wing Right Wing Time % Phy DF OF
1 Jonathan Marchessault Daniel Carr Nick Cousins 60 1 2 2
2 Drake Caggiula Tomas Tatar Matteson Iacopelli 40 1 2 2
PowerPlay Defense
Defense Defense Time % Phy DF OF
1 Jarred Tinordi Ryan Murphy 60 1 2 2
2 John Ramage Connor Carrick 40 1 2 2
Penalty Kill 4 Players Forward
Center Wing Time % Phy DF OF
1 Daniel Carr Tomas Tatar 60 1 2 2
2 Jonathan Marchessault Nick Cousins 40 1 2 2
Penalty Kill 4 Players Defense
Defense Defense Time % Phy DF OF
1 Jarred Tinordi Ryan Murphy 60 1 2 2
2 John Ramage Connor Carrick 40 1 2 2
Penalty Kill - 3 Players Forward
Forward Time % Phy DF OF
1 Daniel Carr 60 1 2 2
2 Tomas Tatar 40 1 2 2
Penalty Kill - 3 Players Defense
Defense Defense Time % Phy DF OF
1 Jarred Tinordi Ryan Murphy 60 1 2 2
2 John Ramage Connor Carrick 40 1 2 2
4 vs 4 Forward
Center Wing Time % Phy DF OF
1 Daniel Carr Tomas Tatar 60 1 2 2
2 Jonathan Marchessault Nick Cousins 40 1 2 2
4 vs 4 Defense
Defense Defense Time % Phy DF OF
1 Jarred Tinordi Ryan Murphy 60 1 2 2
2 John Ramage Connor Carrick 40 1 2 2
Last Minutes Offensive
Center Left Wing Right Wing Defense Defense
Jonathan Marchessault Daniel Carr Nick Cousins Jarred Tinordi Ryan Murphy
Last Minutes Defensive
Center Left Wing Right Wing Defense Defense
Jonathan Marchessault Daniel Carr Nick Cousins Jarred Tinordi Ryan Murphy
Goaltenders
Starting : Marek Mazanek
Backup : Adin Hill
Extra Forwards
Normal : Tyler Motte, Sam Steel, Joseph Blandisi - PP : Tyler Motte, Sam Steel - PK : Joseph Blandisi
Extra Defensemen
Normal : Jonathan Racine, Xavier Ouellet, Keaton Middleton - PP : Jonathan Racine - PK : Xavier Ouellet, Keaton Middleton
Penalty Shots
Daniel Carr, Tomas Tatar, Jonathan Marchessault, Nick Cousins, Joseph Blandisi
Scratches
Chris Calhan (Healthy), Dominik Kubalik (Healthy), Mark Friedman (Healthy), Michael Dal Colle (Healthy), Stefan Elliott (Sprained Left Finger Injury)
Pius Suter (Healthy), Max Lajoie (Healthy), Pascal Laberge (Healthy), Antoine Bibeau (Healthy)
Rampage
5 vs 5 Forward
Center Left Wing Right Wing Time % Phy DF OF
1 Rourke Chartier Steve Regier Nick Schmaltz 40 1 2 2
2 T.J. Tynan Ryan Lomberg Jordan Kyrou 30 1 2 2
3 Jean-Sebastien Dea Dominik Simon Petr Straka 20 1 2 2
4 Anthony Richard Jordan Greenway Dylan Sikura 10 1 2 2
5 vs 5 Defense
Defense Defense Time % Phy DF OF
1 Ethan Bear Travis Sanheim 40 1 2 2
2 Martin Marincin Collin Miller 30 1 2 2
3 Kevan Miller Charlie McAvoy 20 1 2 2
4 Kevan Miller Charlie McAvoy 10 1 2 2
PowerPlay Forward
Center Left Wing Right Wing Time % Phy DF OF
1 Rourke Chartier Steve Regier Nick Schmaltz 60 1 2 2
2 Jean-Sebastien Dea Ryan Lomberg Petr Straka 40 1 2 2
PowerPlay Defense
Defense Defense Time % Phy DF OF
1 Ethan Bear Travis Sanheim 60 1 2 2
2 Kevan Miller Collin Miller 40 1 2 2
Penalty Kill 4 Players Forward
Center Wing Time % Phy DF OF
1 T.J. Tynan Steve Regier 60 1 2 2
2 Rourke Chartier Dylan Sikura 40 1 2 2
Penalty Kill 4 Players Defense
Defense Defense Time % Phy DF OF
1 Martin Marincin Collin Miller 60 1 2 2
2 Travis Sanheim Ethan Bear 40 1 2 2
Penalty Kill - 3 Players Forward
Forward Time % Phy DF OF
1 T.J. Tynan 60 1 2 2
2 Jean-Sebastien Dea 40 1 2 2
Penalty Kill - 3 Players Defense
Defense Defense Time % Phy DF OF
1 Martin Marincin Travis Sanheim 60 1 2 2
2 Collin Miller Ethan Bear 40 1 2 2
4 vs 4 Forward
Center Wing Time % Phy DF OF
1 Jean-Sebastien Dea Dylan Sikura 60 1 2 2
2 T.J. Tynan Ryan Lomberg 40 1 2 2
4 vs 4 Defense
Defense Defense Time % Phy DF OF
1 Charlie McAvoy Travis Sanheim 60 1 2 2
2 Collin Miller Kevan Miller 40 1 2 2
Last Minutes Offensive
Center Left Wing Right Wing Defense Defense
Rourke Chartier Ryan Lomberg Nick Schmaltz Ethan Bear Travis Sanheim
Last Minutes Defensive
Center Left Wing Right Wing Defense Defense
T.J. Tynan Steve Regier Dylan Sikura Martin Marincin Collin Miller
Goaltenders
Starting : Joni Ortio
Backup : Brandon Halverson
Extra Forwards
Normal : Dominik Simon, Jean-Sebastien Dea, Jordan Greenway - PP : Dominik Simon, Jean-Sebastien Dea - PK : Jordan Greenway
Extra Defensemen
Normal : Ethan Bear, Kevan Miller, Collin Miller - PP : Ethan Bear - PK : Kevan Miller, Collin Miller
Penalty Shots
Jordan Kyrou, Rourke Chartier, Dylan Sikura, Jean-Sebastien Dea, Nick Schmaltz
Scratches
Adam Clendening (Healthy), Artturi Lehkonen (Healthy), Jeremy Bracco (Healthy), Roland McKeown (Healthy), Eamon McAdam (Healthy)
Emil Larmi (Healthy)
% Time on Ice - Eagles
Lines # - Real PCT - Wanted PCT - Time Play
Normal Forward
1 - 37% - 40% - 18:44
2 - 30% - 30% - 15:10
3 - 26% - 20% - 13:15
4 - 8% - 10% - 4:01
Normal Defense
1 - 36% - 40% - 18:32
2 - 31% - 30% - 16:01
3 - 22% - 20% - 11:28
4 - 10% - 10% - 5:09
PP Forward
1 - 67% - 60% - 3:58
2 - 33% - 40% - 1:59
PP Defense
1 - 75% - 60% - 4:28
2 - 25% - 40% - 1:29
PK Forward
1 - 75% - 60% - 4:26
2 - 25% - 40% - 1:31
PK Defense
1 - 60% - 60% - 3:33
2 - 40% - 40% - 2:24
PK3 Forward
1 - 0% - 60%
2 - 0% - 40%
PK3 Defense
1 - 0% - 60%
2 - 0% - 40%
44 Forward
1 - 0% - 60%
2 - 0% - 40%
44 Defense
1 - 0% - 60%
2 - 0% - 40%
Last Minute Offensive - 0:00
Last Minute Defensive - 0:00
Total
Forward - 63:04
Defense - 63:04
|
% Time on Ice - Rampage
Lines # - Real PCT - Wanted PCT - Time Play
Normal Forward
1 - 34% - 40% - 17:34
2 - 27% - 30% - 13:54
3 - 21% - 20% - 10:50
4 - 17% - 10% - 8:52
Normal Defense
1 - 45% - 40% - 22:51
2 - 28% - 30% - 14:18
3 - 19% - 20% - 9:40
4 - 9% - 10% - 4:21
PP Forward
1 - 57% - 60% - 3:24
2 - 43% - 40% - 2:33
PP Defense
1 - 70% - 60% - 4:10
2 - 30% - 40% - 1:47
PK Forward
1 - 82% - 60% - 4:51
2 - 18% - 40% - 1:06
PK Defense
1 - 52% - 60% - 3:07
2 - 48% - 40% - 2:50
PK3 Forward
1 - 0% - 60%
2 - 0% - 40%
PK3 Defense
1 - 0% - 60%
2 - 0% - 40%
44 Forward
1 - 0% - 60%
2 - 0% - 40%
44 Defense
1 - 0% - 60%
2 - 0% - 40%
Last Minute Offensive - 0:00
Last Minute Defensive - 0:00
Total
Forward - 63:04
Defense - 63:04
|
Play-by-Play
1st period
0:01 of 1st period - Jonathan Marchessault wins face-off versus Rourke Chartier in neutral zone.
0:15 of 1st period - Wrist shot by Jonathan Marchessault.
0:15 of 1st period - Stopped by Joni Ortio without a rebound.
0:16 of 1st period - Drake Caggiula wins face-off versus Ryan Lomberg in Rampage zone.
0:29 of 1st period - Snap shot by Drake Caggiula.
0:29 of 1st period - Stopped by Joni Ortio without a rebound.
0:30 of 1st period - Jared McCann wins face-off versus Jean-Sebastien Dea in Rampage zone.
0:39 of 1st period - Snap shot by Dominik Simon.
0:39 of 1st period - Shot Misses the Net.
0:41 of 1st period - Slapshot by Dominik Simon.
0:41 of 1st period - Shot Misses the Net.
1:09 of 1st period - Minor Penalty to Jarred Tinordi for Goalie Interference.
1:10 of 1st period - Rourke Chartier wins face-off versus Daniel Carr in Eagles zone.
1:10 of 1st period - Slapshot by Steve Regier.
1:10 of 1st period - Stopped by Marek Mazanek with a rebound.
1:12 of 1st period - Slapshot by Travis Sanheim.
1:12 of 1st period - Stopped by Marek Mazanek with a rebound.
1:14 of 1st period - Wrist shot by Ethan Bear.
1:14 of 1st period - Stopped by Marek Mazanek with a rebound.
1:16 of 1st period - Snap shot by Steve Regier.
1:16 of 1st period - Stopped by Marek Mazanek with a rebound.
1:18 of 1st period - Slapshot by Ethan Bear.
1:18 of 1st period - Stopped by Marek Mazanek without a rebound.
1:19 of 1st period - Daniel Carr wins face-off versus Rourke Chartier in Eagles zone.
1:40 of 1st period - Snap shot by Nick Schmaltz.
1:40 of 1st period - Shot Misses the Net.
1:54 of 1st period - Slapshot by Rourke Chartier.
1:54 of 1st period - Stopped by Marek Mazanek with a rebound.
2:24 of 1st period - Snap shot by Steve Regier.
2:24 of 1st period - Shot Blocked by John Ramage.
3:09 of 1st period - Penalty to Jarred Tinordi is over, Jarred Tinordi is back on ice.
3:26 of 1st period - Slapshot by Joseph Blandisi.
3:26 of 1st period - Stopped by Joni Ortio with a rebound.
3:57 of 1st period - Martin Marincin is hit by Drake Caggiula and loses puck.
4:19 of 1st period - Jonathan Marchessault is hit by Charlie McAvoy and loses puck.
4:32 of 1st period - Anthony Duclair is hit by Kevan Miller.
4:36 of 1st period - Jared McCann is hit by Jordan Greenway and loses puck.
4:47 of 1st period - Martin Marincin is hit by Tomas Tatar and loses puck.
4:58 of 1st period - Daniel Carr is hit by Petr Straka and loses puck.
7:39 of 1st period - Icing by John Ramage.
7:40 of 1st period - Anthony Richard wins face-off versus Drake Caggiula in Eagles zone.
7:51 of 1st period - John Ramage is hit by Jordan Greenway and loses puck.
8:15 of 1st period - Icing by Jarred Tinordi.
8:16 of 1st period - Joseph Blandisi wins face-off versus T.J. Tynan in Eagles zone.
8:51 of 1st period - Slapshot by Travis Sanheim.
8:51 of 1st period - Shot Misses the Net.
9:43 of 1st period - Kevan Miller is hit by Nick Cousins and loses puck.
10:26 of 1st period - Wrist shot by T.J. Tynan.
10:26 of 1st period - Shot Misses the Net.
10:28 of 1st period - Slapshot by Collin Miller.
10:28 of 1st period - Shot Misses the Net.
10:30 of 1st period - Wrist shot by Collin Miller.
10:30 of 1st period - Stopped by Marek Mazanek without a rebound.
10:31 of 1st period - Ryan Lomberg wins face-off versus Zach Aston-Reese in Eagles zone.
11:27 of 1st period - Slapshot by Dylan Sikura.
11:27 of 1st period - Shot Misses the Net.
11:59 of 1st period - Daniel Carr is hit by Ethan Bear and loses puck.
13:18 of 1st period - Snap shot by Steve Regier.
13:18 of 1st period - Goal by Steve Regier - Eagles : 0 - Rampage : 1.
13:19 of 1st period - Rourke Chartier wins face-off versus Jonathan Marchessault in neutral zone.
14:11 of 1st period - Petr Straka is hit by Connor Carrick and loses puck.
14:18 of 1st period - Slapshot by Jean-Sebastien Dea.
14:18 of 1st period - Shot Blocked by John Ramage.
14:34 of 1st period - Wrist shot by Nick Schmaltz.
14:34 of 1st period - Stopped by Marek Mazanek without a rebound.
14:35 of 1st period - Jonathan Marchessault wins face-off versus Steve Regier in Eagles zone.
14:35 of 1st period - Jonathan Marchessault is hit by Martin Marincin.
14:45 of 1st period - Wrist shot by Rourke Chartier.
14:45 of 1st period - Shot Misses the Net.
15:01 of 1st period - Martin Marincin is hit by Matteson Iacopelli and loses puck.
15:06 of 1st period - Wrist shot by Tomas Tatar.
15:06 of 1st period - Shot Misses the Net.
15:08 of 1st period - Snap shot by Tomas Tatar.
15:08 of 1st period - Stopped by Joni Ortio with a rebound.
15:10 of 1st period - Slapshot by Ryan Murphy.
15:10 of 1st period - Stopped by Joni Ortio with a rebound.
15:12 of 1st period - Slapshot by Ryan Murphy.
15:12 of 1st period - Shot Blocked by T.J. Tynan.
15:30 of 1st period - Wrist shot by Ryan Lomberg.
15:30 of 1st period - Shot Blocked by Jared McCann.
15:46 of 1st period - Daniel Carr is hit by Collin Miller.
16:14 of 1st period - Anthony Duclair is hit by Jean-Sebastien Dea and loses puck.
16:43 of 1st period - Snap shot by Jordan Greenway.
16:43 of 1st period - Stopped by Marek Mazanek without a rebound.
16:44 of 1st period - Jonathan Marchessault wins face-off versus Jean-Sebastien Dea in Eagles zone.
16:44 of 1st period - Jonathan Marchessault is hit by Jean-Sebastien Dea.
17:09 of 1st period - Icing by Rourke Chartier.
17:10 of 1st period - Steve Regier wins face-off versus Jared McCann in Rampage zone.
17:35 of 1st period - Steve Regier is hit by Matteson Iacopelli and loses puck.
17:42 of 1st period - Backhand shot by Drake Caggiula.
17:42 of 1st period - Stopped by Joni Ortio without a rebound.
17:43 of 1st period - Jonathan Marchessault wins face-off versus T.J. Tynan in Rampage zone.
18:32 of 1st period - Minor Penalty to Ethan Bear for Interference.
18:33 of 1st period - Drake Caggiula wins face-off versus T.J. Tynan in Rampage zone.
18:41 of 1st period - Wrist shot by Tomas Tatar.
18:41 of 1st period - Stopped by Joni Ortio without a rebound.
18:42 of 1st period - Drake Caggiula wins face-off versus T.J. Tynan in Rampage zone.
19:24 of 1st period - Kevan Miller is hit by Jonathan Marchessault and loses puck.
19:59 of 1st period - Martin Marincin is hit by Tomas Tatar and loses puck.
Goals for this period are 0 for Eagles vs 1 for Rampage.
Shots for this period are 7 for Eagles vs 10 for Rampage.
2nd period
0:01 of 2nd period - T.J. Tynan wins face-off versus Jonathan Marchessault in neutral zone.
0:06 of 2nd period - Wrist shot by Steve Regier.
0:06 of 2nd period - Shot Misses the Net.
0:32 of 2nd period - Penalty to Ethan Bear is over, Ethan Bear is back on ice.
0:40 of 2nd period - Icing by Joseph Blandisi.
0:41 of 2nd period - Jean-Sebastien Dea wins face-off versus Jared McCann in Eagles zone.
0:42 of 2nd period - Snap shot by Petr Straka.
0:42 of 2nd period - Stopped by Marek Mazanek without a rebound.
0:43 of 2nd period - Jean-Sebastien Dea wins face-off versus Jared McCann in Eagles zone.
0:58 of 2nd period - Off-side.
0:59 of 2nd period - Rourke Chartier wins face-off versus Jonathan Marchessault in neutral zone.
1:10 of 2nd period - Slapshot by Rourke Chartier.
1:10 of 2nd period - Shot Misses the Net.
1:24 of 2nd period - Matteson Iacopelli is hit by Ryan Lomberg and loses puck.
1:34 of 2nd period - Snap shot by Travis Sanheim.
1:34 of 2nd period - Shot Blocked by Ryan Murphy.
1:36 of 2nd period - Slapshot by Ethan Bear.
1:36 of 2nd period - Stopped by Marek Mazanek with a rebound.
1:57 of 2nd period - Snap shot by Dominik Simon.
1:57 of 2nd period - Stopped by Marek Mazanek without a rebound.
1:58 of 2nd period - Jonathan Marchessault wins face-off versus Rourke Chartier in Eagles zone.
1:58 of 2nd period - Jonathan Marchessault is hit by Martin Marincin.
2:24 of 2nd period - Martin Marincin is hit by Drake Caggiula and loses puck.
2:47 of 2nd period - Joseph Blandisi is hit by Jean-Sebastien Dea and loses puck.
3:24 of 2nd period - Tomas Tatar is hit by Charlie McAvoy and loses puck.
3:38 of 2nd period - Off-side.
3:39 of 2nd period - Zach Aston-Reese wins face-off versus T.J. Tynan in neutral zone.
3:48 of 2nd period - Slapshot by Daniel Carr.
3:48 of 2nd period - Stopped by Joni Ortio without a rebound.
3:49 of 2nd period - Rourke Chartier wins face-off versus Jonathan Marchessault in Rampage zone.
3:56 of 2nd period - Slapshot by Ethan Bear.
3:56 of 2nd period - Deflect By Jonathan Marchessault.
3:56 of 2nd period - Stopped by Marek Mazanek without a rebound.
3:57 of 2nd period - Rourke Chartier wins face-off versus Jonathan Marchessault in Eagles zone.
3:58 of 2nd period - Snap shot by Steve Regier.
3:58 of 2nd period - Shot Misses the Net.
4:00 of 2nd period - Snap shot by Nick Schmaltz.
4:00 of 2nd period - Shot Misses the Net.
4:02 of 2nd period - Slapshot by Ethan Bear.
4:02 of 2nd period - Shot Blocked by Ryan Murphy.
4:04 of 2nd period - Snap shot by Rourke Chartier.
4:04 of 2nd period - Shot Misses the Net.
4:06 of 2nd period - Snap shot by Nick Schmaltz.
4:06 of 2nd period - Stopped by Marek Mazanek without a rebound.
4:07 of 2nd period - Jonathan Marchessault wins face-off versus Rourke Chartier in Eagles zone.
5:03 of 2nd period - Off-side.
5:04 of 2nd period - Jared McCann wins face-off versus Rourke Chartier in neutral zone.
5:17 of 2nd period - Wrist shot by Steve Regier.
5:17 of 2nd period - Stopped by Marek Mazanek without a rebound.
5:18 of 2nd period - Rourke Chartier wins face-off versus Jonathan Marchessault in Eagles zone.
5:21 of 2nd period - Snap shot by Steve Regier.
5:21 of 2nd period - Stopped by Marek Mazanek with a rebound.
6:03 of 2nd period - Connor Carrick is hit by Dominik Simon and loses puck.
6:44 of 2nd period - Kevan Miller is hit by Tomas Tatar and loses puck.
6:49 of 2nd period - Snap shot by Drake Caggiula.
6:49 of 2nd period - Shot Blocked by Kevan Miller.
6:51 of 2nd period - Slapshot by Connor Carrick.
6:51 of 2nd period - Stopped by Joni Ortio with a rebound.
6:53 of 2nd period - Slapshot by John Ramage.
6:53 of 2nd period - Stopped by Joni Ortio without a rebound.
6:54 of 2nd period - T.J. Tynan wins face-off versus Jared McCann in Rampage zone.
6:54 of 2nd period - T.J. Tynan is hit by Jared McCann.
7:00 of 2nd period - Wrist shot by Joseph Blandisi.
7:00 of 2nd period - Stopped by Joni Ortio with a rebound.
7:02 of 2nd period - Wrist shot by Joseph Blandisi.
7:02 of 2nd period - Shot Blocked by Charlie McAvoy.
7:04 of 2nd period - Snap shot by Jared McCann.
7:04 of 2nd period - Stopped by Joni Ortio with a rebound.
7:22 of 2nd period - Wrist shot by Joseph Blandisi.
7:22 of 2nd period - Stopped by Joni Ortio without a rebound.
7:23 of 2nd period - Jonathan Marchessault wins face-off versus Rourke Chartier in Rampage zone.
7:46 of 2nd period - Collin Miller is hit by Daniel Carr and loses puck.
7:53 of 2nd period - Wrist shot by Nick Cousins.
7:53 of 2nd period - Stopped by Joni Ortio without a rebound.
7:54 of 2nd period - Drake Caggiula wins face-off versus T.J. Tynan in Rampage zone.
8:19 of 2nd period - Ryan Murphy is hit by Petr Straka and loses puck.
8:44 of 2nd period - Wrist shot by Nick Schmaltz.
8:44 of 2nd period - Deflect By John Ramage.
8:44 of 2nd period - Stopped by Marek Mazanek without a rebound.
8:45 of 2nd period - Steve Regier wins face-off versus Drake Caggiula in Eagles zone.
8:56 of 2nd period - Slapshot by Steve Regier.
8:56 of 2nd period - Stopped by Marek Mazanek with a rebound.
8:58 of 2nd period - Wrist shot by Collin Miller.
8:58 of 2nd period - Stopped by Marek Mazanek without a rebound.
8:59 of 2nd period - Jonathan Marchessault wins face-off versus Rourke Chartier in Eagles zone.
9:20 of 2nd period - Minor Penalty to Ethan Bear for Hooking.
9:21 of 2nd period - T.J. Tynan wins face-off versus Jonathan Marchessault in Rampage zone.
9:30 of 2nd period - Slapshot by Nick Cousins.
9:30 of 2nd period - Deflect By Jonathan Marchessault.
9:30 of 2nd period - Stopped by Joni Ortio without a rebound.
9:31 of 2nd period - Jonathan Marchessault wins face-off versus T.J. Tynan in Rampage zone.
9:44 of 2nd period - Snap shot by Daniel Carr.
9:44 of 2nd period - Stopped by Joni Ortio with a rebound.
10:58 of 2nd period - Slapshot by Nick Cousins.
10:58 of 2nd period - Shot Blocked by T.J. Tynan.
11:12 of 2nd period - Slapshot by Daniel Carr.
11:12 of 2nd period - Deflect By Jonathan Marchessault.
11:12 of 2nd period - Stopped by Joni Ortio with a rebound.
11:18 of 2nd period - Snap shot by Daniel Carr.
11:18 of 2nd period - Shot Misses the Net.
11:20 of 2nd period - Penalty to Ethan Bear is over, Ethan Bear is back on ice.
11:20 of 2nd period - Snap shot by Jonathan Marchessault.
11:20 of 2nd period - Shot Misses the Net.
11:24 of 2nd period - Wrist shot by Daniel Carr.
11:24 of 2nd period - Stopped by Joni Ortio with a rebound.
11:26 of 2nd period - Snap shot by Daniel Carr.
11:26 of 2nd period - Shot Misses the Net.
11:28 of 2nd period - Slapshot by Ryan Murphy.
11:28 of 2nd period - Stopped by Joni Ortio with a rebound.
11:32 of 2nd period - Slapshot by Nick Cousins.
11:32 of 2nd period - Stopped by Joni Ortio without a rebound.
11:33 of 2nd period - Drake Caggiula wins face-off versus Jean-Sebastien Dea in Rampage zone.
11:38 of 2nd period - Wrist shot by Tomas Tatar.
11:38 of 2nd period - Stopped by Joni Ortio with a rebound.
13:07 of 2nd period - Joseph Blandisi is hit by Rourke Chartier.
13:11 of 2nd period - Joseph Blandisi is hit by Nick Schmaltz.
13:15 of 2nd period - Rourke Chartier is hit by Anthony Duclair and loses puck.
13:43 of 2nd period - Connor Carrick is hit by Jordan Greenway.
13:47 of 2nd period - Kevan Miller is hit by Keaton Middleton and loses puck.
14:23 of 2nd period - Travis Sanheim is hit by Jonathan Racine and loses puck.
14:53 of 2nd period - Rourke Chartier is hit by Jonathan Racine and loses puck.
15:00 of 2nd period - Slapshot by Ethan Bear.
15:00 of 2nd period - Stopped by Marek Mazanek without a rebound.
15:01 of 2nd period - T.J. Tynan wins face-off versus Matteson Iacopelli in Eagles zone.
15:02 of 2nd period - Slapshot by Jordan Kyrou.
15:02 of 2nd period - Shot Blocked by Ryan Murphy.
15:04 of 2nd period - Snap shot by Ryan Lomberg.
15:04 of 2nd period - Stopped by Marek Mazanek without a rebound.
15:05 of 2nd period - Drake Caggiula wins face-off versus T.J. Tynan in Eagles zone.
15:40 of 2nd period - Slapshot by Anthony Richard.
15:40 of 2nd period - Shot Misses the Net.
15:42 of 2nd period - Wrist shot by Anthony Richard.
15:42 of 2nd period - Stopped by Marek Mazanek with a rebound.
15:54 of 2nd period - Snap shot by Anthony Duclair.
15:54 of 2nd period - Stopped by Joni Ortio with a rebound.
15:56 of 2nd period - Snap shot by Joseph Blandisi.
15:56 of 2nd period - Shot Misses the Net.
15:58 of 2nd period - Snap shot by Anthony Duclair.
15:58 of 2nd period - Shot Misses the Net.
16:04 of 2nd period - Backhand shot by Jared McCann.
16:04 of 2nd period - Stopped by Joni Ortio with a rebound.
16:16 of 2nd period - Snap shot by Petr Straka.
16:16 of 2nd period - Stopped by Marek Mazanek with a rebound.
17:37 of 2nd period - Wrist shot by Kevan Miller.
17:37 of 2nd period - Stopped by Marek Mazanek with a rebound.
18:12 of 2nd period - Anthony Duclair is hit by Dylan Sikura and loses puck.
19:27 of 2nd period - Snap shot by Kevan Miller.
19:27 of 2nd period - Shot Misses the Net.
19:39 of 2nd period - Jonathan Marchessault is hit by Ethan Bear and loses puck.
Goals for this period are 0 for Eagles vs 0 for Rampage.
Shots for this period are 16 for Eagles vs 15 for Rampage.
3rd period
0:01 of 3rd period - Rourke Chartier wins face-off versus Jonathan Marchessault in neutral zone.
0:04 of 3rd period - Slapshot by Travis Sanheim.
0:04 of 3rd period - Shot Misses the Net.
0:06 of 3rd period - Slapshot by Nick Schmaltz.
0:06 of 3rd period - Stopped by Marek Mazanek without a rebound.
0:07 of 3rd period - Rourke Chartier wins face-off versus Jonathan Marchessault in Eagles zone.
0:29 of 3rd period - Icing by Jonathan Marchessault.
0:30 of 3rd period - T.J. Tynan wins face-off versus Tomas Tatar in Eagles zone.
0:36 of 3rd period - Backhand shot by Kevan Miller.
0:36 of 3rd period - Stopped by Marek Mazanek without a rebound.
0:37 of 3rd period - Drake Caggiula wins face-off versus Rourke Chartier in Eagles zone.
0:44 of 3rd period - Slapshot by Tomas Tatar.
0:44 of 3rd period - Stopped by Joni Ortio without a rebound.
0:45 of 3rd period - Jonathan Marchessault wins face-off versus Rourke Chartier in Rampage zone.
0:48 of 3rd period - Snap shot by Daniel Carr.
0:48 of 3rd period - Goal by Daniel Carr - Eagles : 1 - Rampage : 1.
0:49 of 3rd period - Daniel Carr wins face-off versus Rourke Chartier in neutral zone.
0:52 of 3rd period - Backhand shot by Jarred Tinordi.
0:52 of 3rd period - Deflect By Daniel Carr.
0:52 of 3rd period - Shot Blocked by Ethan Bear.
0:52 of 3rd period - Puck is out of play.
0:53 of 3rd period - Jonathan Marchessault wins face-off versus Rourke Chartier in Rampage zone.
1:25 of 3rd period - Nick Cousins is hit by Travis Sanheim and loses puck.
1:50 of 3rd period - Wrist shot by Rourke Chartier.
1:50 of 3rd period - Stopped by Marek Mazanek without a rebound.
1:51 of 3rd period - T.J. Tynan wins face-off versus Drake Caggiula in Eagles zone.
1:58 of 3rd period - Snap shot by T.J. Tynan.
1:58 of 3rd period - Stopped by Marek Mazanek with a rebound.
2:00 of 3rd period - Slapshot by Kevan Miller.
2:00 of 3rd period - Stopped by Marek Mazanek with a rebound.
2:02 of 3rd period - Wrist shot by Jordan Kyrou.
2:02 of 3rd period - Stopped by Marek Mazanek without a rebound.
2:03 of 3rd period - T.J. Tynan wins face-off versus Drake Caggiula in Eagles zone.
2:29 of 3rd period - Jared McCann is hit by Kevan Miller.
2:30 of 3rd period - Jared McCann from Eagles is injured at 2:30 of 3rd period (Right Ankle).
2:31 of 3rd period - Steve Regier wins face-off versus Jonathan Marchessault in Eagles zone.
2:56 of 3rd period - Steve Regier is hit by Anthony Duclair and loses puck.
3:07 of 3rd period - Slapshot by Anthony Duclair.
3:07 of 3rd period - Shot Misses the Net.
3:09 of 3rd period - Snap shot by Jonathan Racine.
3:09 of 3rd period - Shot Blocked by Ethan Bear.
3:23 of 3rd period - Snap shot by Matteson Iacopelli.
3:23 of 3rd period - Deflect By Travis Sanheim.
3:23 of 3rd period - Shot Misses the Net.
3:23 of 3rd period - Puck is out of play.
3:24 of 3rd period - Jonathan Marchessault wins face-off versus T.J. Tynan in Rampage zone.
3:49 of 3rd period - Matteson Iacopelli is hit by Jean-Sebastien Dea.
3:55 of 3rd period - Wrist shot by Petr Straka.
3:55 of 3rd period - Shot Misses the Net.
4:17 of 3rd period - Snap shot by Anthony Richard.
4:17 of 3rd period - Stopped by Marek Mazanek with a rebound.
4:53 of 3rd period - Snap shot by Jordan Kyrou.
4:53 of 3rd period - Shot Misses the Net.
5:26 of 3rd period - Off-side.
5:27 of 3rd period - Jonathan Marchessault wins face-off versus Anthony Richard in neutral zone.
5:38 of 3rd period - Icing by Dylan Sikura.
5:39 of 3rd period - Jonathan Marchessault wins face-off versus Anthony Richard in Rampage zone.
5:40 of 3rd period - Snap shot by Nick Cousins.
5:40 of 3rd period - Goal by Nick Cousins - Eagles : 2 - Rampage : 1.
5:41 of 3rd period - Jonathan Marchessault wins face-off versus Rourke Chartier in neutral zone.
5:54 of 3rd period - Snap shot by Rourke Chartier.
5:54 of 3rd period - Deflect By Steve Regier.
5:54 of 3rd period - Goal by Steve Regier - Eagles : 2 - Rampage : 2.
5:55 of 3rd period - Jonathan Marchessault wins face-off versus Rourke Chartier in neutral zone.
6:02 of 3rd period - Wrist shot by Daniel Carr.
6:02 of 3rd period - Stopped by Joni Ortio without a rebound.
6:03 of 3rd period - Rourke Chartier wins face-off versus Jonathan Marchessault in Rampage zone.
6:03 of 3rd period - Rourke Chartier is hit by Ryan Murphy.
6:21 of 3rd period - Wrist shot by Nick Cousins.
6:21 of 3rd period - Shot Blocked by Ethan Bear.
6:23 of 3rd period - Wrist shot by Nick Cousins.
6:23 of 3rd period - Shot Misses the Net.
6:25 of 3rd period - Wrist shot by Ryan Murphy.
6:25 of 3rd period - Stopped by Joni Ortio with a rebound.
6:33 of 3rd period - Snap shot by Jonathan Marchessault.
6:33 of 3rd period - Stopped by Joni Ortio without a rebound.
6:34 of 3rd period - Matteson Iacopelli wins face-off versus T.J. Tynan in Rampage zone.
6:41 of 3rd period - Slapshot by Matteson Iacopelli.
6:41 of 3rd period - Shot Misses the Net.
6:43 of 3rd period - Minor Penalty to Ryan Lomberg for Interference.
6:44 of 3rd period - T.J. Tynan wins face-off versus Jonathan Marchessault in Rampage zone.
7:13 of 3rd period - Ryan Murphy is hit by T.J. Tynan and loses puck.
8:09 of 3rd period - Jonathan Marchessault is hit by Ethan Bear and loses puck.
8:43 of 3rd period - Penalty to Ryan Lomberg is over, Ryan Lomberg is back on ice.
10:57 of 3rd period - Snap shot by Petr Straka.
10:57 of 3rd period - Shot Misses the Net.
10:59 of 3rd period - Snap shot by Jean-Sebastien Dea.
10:59 of 3rd period - Deflect By Petr Straka.
10:59 of 3rd period - Shot Misses the Net.
10:59 of 3rd period - Puck is out of play.
11:00 of 3rd period - Dominik Simon wins face-off versus Jonathan Marchessault in Eagles zone.
11:05 of 3rd period - Snap shot by Petr Straka.
11:05 of 3rd period - Shot Blocked by Jarred Tinordi.
11:30 of 3rd period - Ethan Bear is hit by Drake Caggiula and loses puck.
11:39 of 3rd period - Travis Sanheim is hit by Jarred Tinordi and loses puck.
11:58 of 3rd period - Wrist shot by Steve Regier.
11:58 of 3rd period - Shot Misses the Net.
12:00 of 3rd period - Slapshot by Travis Sanheim.
12:00 of 3rd period - Shot Misses the Net.
12:10 of 3rd period - Jordan Greenway is hit by Drake Caggiula and loses puck.
12:37 of 3rd period - Jonathan Racine is hit by Kevan Miller and loses puck.
13:35 of 3rd period - Snap shot by Dominik Simon.
13:35 of 3rd period - Shot Misses the Net.
14:54 of 3rd period - Dominik Simon is hit by Jonathan Racine and loses puck.
15:44 of 3rd period - Off-side.
15:45 of 3rd period - Rourke Chartier wins face-off versus Drake Caggiula in neutral zone.
16:31 of 3rd period - Wrist shot by Ryan Lomberg.
16:31 of 3rd period - Stopped by Marek Mazanek with a rebound.
17:29 of 3rd period - Minor Penalty to Xavier Ouellet for Hooking.
17:30 of 3rd period - Nick Schmaltz wins face-off versus Daniel Carr in Eagles zone.
19:29 of 3rd period - Penalty to Xavier Ouellet is over, Xavier Ouellet is back on ice.
19:51 of 3rd period - Minor Penalty to Jonathan Racine for Delaying the game.
19:52 of 3rd period - Jean-Sebastien Dea wins face-off versus Daniel Carr in Eagles zone.
Goals for this period are 2 for Eagles vs 1 for Rampage.
Shots for this period are 6 for Eagles vs 9 for Rampage.
Overtime #1
0:01 of 1st overtime period - Daniel Carr wins face-off versus Steve Regier in neutral zone.
0:35 of 1st overtime period - Snap shot by Travis Sanheim.
0:35 of 1st overtime period - Shot Misses the Net.
1:51 of 1st overtime period - Penalty to Jonathan Racine is over, Jonathan Racine is back on ice.
2:04 of 1st overtime period - Snap shot by Jordan Greenway.
2:04 of 1st overtime period - Shot Misses the Net.
2:24 of 1st overtime period - Wrist shot by Drake Caggiula.
2:24 of 1st overtime period - Shot Misses the Net.
3:02 of 1st overtime period - Slapshot by Jarred Tinordi.
3:02 of 1st overtime period - Shot Misses the Net.
3:04 of 1st overtime period - Snap shot by Drake Caggiula.
3:04 of 1st overtime period - Goal by Drake Caggiula - Eagles : 3 - Rampage : 2.
Goals for this period are 1 for Eagles vs 0 for Rampage.
Shots for this period are 1 for Eagles vs 0 for Rampage.